 Dungeon Crawl Stone Soup version 0.29.1-1-gd02db6906a (webtiles) character file.

Game seed: 13488064206085166331

64538 EvilAshe the Spry (level 15, -2/117 HPs)
             Began as a Merfolk Ice Elementalist on Sept 25, 2022.
             Was a Believer of Ashenzari.
             Slain by a boulder beetle (24 damage)
             ... on level 12 of the Dungeon on Sept 26, 2022.
             The game lasted 02:01:59 (35184 turns).

EvilAshe the Spry (Merfolk Ice Elementalist)       Turns: 35184, Time: 02:02:00

Health: -2/117     AC:  9    Str:  9    XL:     15   Next: 13%
Magic:  14/31      EV: 24    Int: 25    God:    Ashenzari [**....]
Gold:   1112       SH: 10    Dex: 22    Spells: 15/38 levels left

rFire   + . .      SeeInvis +   L - +0 war axe "Share My Scepticism" {vorpal, Melee, Elem} (curse)
rCold   + + .      Faith    .   e - +0 kite shield
rNeg    . . .      Spirit   .   m - +1 robe of Curses and Power {rC+ Will+ Int+5 Stlth+, Cun, Self} (curse)
rPois   .          Reflect  .   P - +2 helmet
rElec   .          Harm     .   (no cloak)
rCorr   .          Rampage  .   a - +0 pair of gloves
Will    ++...                   s - +1 pair of boots
Stlth   ++++......              (no amulet)
HPRegen 0.29/turn               K - +6 ring of dexterity
MPRegen 0.22/turn               J - ring of Supernal Gnosis {rF+ rC+, Comp, Cun} (curse)

@: lethally poisoned (-2 -> -35), about to teleport, studying Necromancy
A: (nimble swimmer 2), mertail
a: Renounce Religion, Curse Item, Shatter the Chains


You were on level 12 of the Dungeon.
You worshipped Ashenzari.
Ashenzari was pleased with you.
You visited 4 branches of the dungeon, and saw 21 of its levels.
You also visited: Gauntlet and Ice Cave.

You collected 2288 gold pieces.
You spent 1176 gold pieces at shops.

Inventory:

Hand Weapons
 c - a +2 mace of protection
 L - the cursed +0 war axe "Share My Scepticism" (weapon) {vorpal, Melee, Elem}
   (You took it off an orc on level 7 of the Dungeon)

   It inflicts extra damage upon your enemies.
   It has a curse which improves the following skills: Melee Combat: Short
   Blades, Long Blades, Axes, Maces & Flails, Polearms, Staves and Unarmed
   Combat.
   Elements:  Fire Magic, Ice Magic, Air Magic and Earth Magic.
Missiles
 d - 8 javelins
 I - a throwing net (quivered)
Armour
 a - a +0 pair of gloves (worn)
 e - a +0 kite shield (worn)
 m - the cursed +1 robe of Curses and Power (worn) {rC+ Will+ Int+5 Stlth+, Cun, Self}
   (You found it on level 7 of the Dungeon)

   Int:       It affects your intelligence (+5).
   rC:        It protects you from cold.
   Will:      It increases your willpower.
   Stlth:     It makes you more stealthy.
   It has a curse which improves the following skills: Cunning: Dodging and
   Stealth.
   Introspection: Fighting and Spellcasting.
 s - a +1 pair of boots (worn)
 P - a +2 helmet (worn)
Jewellery
 t - a ring of flight
 D - a ring of positive energy
 J - the cursed ring of Supernal Gnosis (right hand) {rF+ rC+, Comp, Cun}
   (You acquired it on level 8 of the Dungeon)

   [ring of protection from fire]

   rF:        It protects you from fire.
   rC:        It protects you from cold.
   It has a curse which improves the following skills: Companions: Summonings
   and Necromancy.
   Cunning:   Dodging and Stealth.
 K - a +6 ring of dexterity (left hand)
 Q - a ring of ice
Wands
 x - a wand of charming (12)
 z - a wand of digging (17)
 B - a wand of iceblast (20)
 F - a wand of flame (10)
 M - a wand of mindburst (12)
 O - a wand of polymorph (1)
Scrolls
 k - 2 scrolls of magic mapping
 l - 3 scrolls of silence
 n - 2 scrolls of immolation
 o - 7 scrolls of enchant armour
 q - 3 scrolls of teleportation
 u - a scroll of summoning
 v - a scroll of poison
 w - 3 scrolls of enchant weapon
 y - 3 scrolls of amnesia
 E - 2 scrolls of fog
 H - 2 scrolls of blinking
Potions
 f - a potion of berserk rage
 g - 6 potions of curing
 h - 2 potions of lignification
 i - 4 potions of flight
 j - a potion of might
 p - 2 potions of resistance
 r - 2 potions of brilliance
 A - 2 potions of haste
 C - 7 potions of invisibility
 G - a potion of heal wounds
 N - 4 potions of mutation
 R - a potion of ambrosia
 S - a potion of magic
Miscellaneous
 b - a phantom mirror


   Skills:
 + Level 9.6(10.8) Fighting
 + Level 15.1(16.9) Dodging
 - Level 2.1(3.6) Stealth
 * Level 3.1 Shields
 + Level 10.9(12.1) Spellcasting
 + Level 9.5 Conjurations
 + Level 7.5(8.8) Necromancy
 - Level 3.4(4.5) Fire Magic
 - Level 13.5(14.7) Ice Magic


You had 15 spell levels left.
You knew the following spells:

 Your Spells              Type           Power      Damage    Failure   Level
a - Freeze                Ice            100%       1d11      1%          1
b - Ozocubu's Armour      Ice            73%        N/A       1%          3
c - Frozen Ramparts       Ice            100%       1d16      1%          3
d - Hailstorm             Conj/Ice       66%        3d14      1%          4
e - Vampiric Draining     Necr           56%        2d10      1%          3
f - Dispel Undead         Necr           56%        3d20      3%          4
w - Flame Wave            Conj/Fire      50%        2d12      7%          4
z - Magic Dart            Conj           100%       1d8       1%          1

Your spell library contained the following spells:

 Spells                   Type           Power      Damage    Failure   Level
 Necrotise                Necr           100%       1d9       1%          1
 Sublimation of Blood     Necr           56%        N/A       1%          2
 Conjure Flame            Conj/Fire      50%        6-21      1%          3
 Static Discharge         Conj/Air       39%        3-8/arc   2%          2
 Scorch                   Fire           74%        2d9       3%          2
 Ice Form                 Ice/Tmut       51%        N/A       6%          4
 Summon Ice Beast         Ice/Summ       51%        N/A       6%          4
 Sticky Flame             Conj/Fire      50%        2d7       7%          4
 Mephitic Cloud           Conj/Pois/Air  31%        N/A       10%         3
 Apportation              Tloc           30%        N/A       12%         1
 Slow                     Hex            60%        N/A       12%         1
 Summon Small Mammal      Summ           60%        N/A       12%         1
 Call Imp                 Summ           15%        N/A       17%         2
 Wereblood                Tmut           15%        N/A       19%         2
 Ignite Poison            Fire/Tmut/Pois 22%        N/A       21%         3
 Anguish                  Hex/Necr       18%        N/A       21%         4
 Confusing Touch          Hex            15%        N/A       36%         3
 Gell's Gravitas          Tloc           15%        N/A       36%         3
 Teleport Other           Tloc           15%        N/A       36%         3
 Tukima's Dance           Hex            15%        N/A       36%         3
 Passage of Golubria      Tloc           15%        N/A       77%         4
 Yara's Violent Unravell  Hex/Tmut       7%         3d5       98%         5
 Dispersal                Tloc           7%         N/A       100%        6
 Summon Cactus Giant      Summ           7%         N/A       100%        6
 Enfeeble                 Hex            7%         N/A       100%        7
 Summon Hydra             Summ           7%         N/A       100%        7


Dungeon Overview and Level Annotations

Branches:
Dungeon (13/15) Temple (1/1) D:5 Lair (5/5) D:9 Swamp (0/4) Lair:3 Spider (0/4) Lair:3 Slime (0/5) Lair:4 Orc (2/2) D:10 Elf (0/3) Orc:2 Vaults (0/5) D:12 D:13 IceCv (visited) Gauntlet (visited)

Altars:
Ashenzari
Cheibriados
Fedhas
Kikubaaqudgha
Makhleb
Nemelex Xobeh
Okawaru
Qazlal
Ru
Trog
Vehumet
Wu Jian
Xom
Yredelemnul
Zin

Shops:
D:10 (   Orc:2 :[(?

Annotations:
D:8 1 runed translucent door
D:12 Nessos
D:13 Rupert


Innate Abilities, Weirdness & Mutations

((You are very nimble when in or above water. (Stealth+, EV+, Speed+++)))
Your lower body shifts to a powerful aquatic tail in water.


Message History

The arrow misses you.
Nessos shoots an arrow.
The arrow hits you! The arrow burns you.
You are poisoned.
Nessos gestures wildly while chanting.
Nessos blinks!
There is an open door, spattered with blood here.
You feel very sick.
Nessos shoots an arrow.
You block the arrow.
As you read the scroll of teleportation, it crumbles to dust.
You feel strangely unstable.
You feel very sick.
Nessos gestures wildly while chanting.
Nessos blinks!
You block the boulder beetle's attack.
Nessos gestures wildly while chanting.
Nessos blinks!
You feel very sick.
Nessos shoots an arrow.
The arrow hits you!! The arrow burns you.
The boulder beetle attacks as you move away!
The boulder beetle closely misses you.
You feel very sick.
You feel sick.
The boulder beetle curls into a ball and begins rolling!
Nessos shoots an arrow.
You block the arrow.
Your surroundings seem slightly different.
You feel sick.
Nessos shoots an arrow.
You block the arrow.
Nessos shoots an arrow.
The arrow hits you! The arrow burns you.
You are more poisoned.
The boulder beetle closely misses you.
The boulder beetle stops rolling and uncurls.
As you read the scroll of teleportation, it crumbles to dust.
You feel strangely unstable.
You feel very sick.
Nessos shoots an arrow.
The arrow hits you!
* * * LOW HITPOINT WARNING * * *
The arrow burns you.
You are lethally poisoned!
* * * LOW HITPOINT WARNING * * *
Nessos shoots an arrow.
The arrow closely misses you. The boulder beetle bites you!!
You die...

.....'..÷......#.....#...........
.....#.........#.....#...........
.....#.<.......#.....#...........
.....#.........#.....#...........
....##....##...####'##....##.....
....#......#...............#..###
....#......#...............#..#..
....#......#...............+..#.#
....#......#..§.@B.........#..#.'
....#############..........#..#.#
.).......(.#....###'#########.#P.
..).....<..#.^..#...c.........###
##'##.<....#....#................
....#......#....#^.....>§.c...##.
....#......#....#.............#..
....#......#....#.............###
....########....#############).#.


You could see a boulder beetle and Nessos (fast).

Vanquished Creatures
  6 hydras
  4 two-headed ogres
  8 death yaks
  Urug (Orc:2)
  8 orc high priests
  2 sea snakes
  3 orc knights
  5 cyclopes
  A lindwurm (shapeshifter) (D:12)
  An ugly thing (D:12)
  An orc sorcerer (Orc:1)
  3 manticores (D:12)
  8 elephants
  3 black mambas
  An unseen horror (D:11)
  Maggie (D:6)
  7 cane toads
  A gargoyle (D:12)
  An unseen horror (shapeshifter) (D:12)
  An efreet (D:12)
  4 rime drakes
  9 komodo dragons
  3 trolls
  A meliai (Lair:3)
  8 polar bears
  2 hornets
  22 blink frogs
  2 wind drakes (Lair:5)
  A slime creature (D:12)
  2 wyverns (D:10)
  2 shadows
  2 wraiths
  A vampire (D:11)
  39 yaks
  14 humans
  3 hogs (D:8)
  3 basilisks
  4 steam dragons
  7 vampire mosquitoes
  6 wargs
  12 water moccasins
  24 orc warriors
  9 black bears
  3 sky beasts
  2 ice beasts (D:7)
  A boggart (D:12)
  4 ogres
  12 wolves
  3 centaurs
  2 phantoms
  A kobold brigand (D:7)
  15 bullfrogs
  A gnoll sergeant (D:12)
  3 scorpions
  A cane toad simulacrum (IceCv)
  9 wights
  20 killer bees
  2 howler monkeys
  3 jellies
  2 electric eels
  4 hounds
  40 orc priests
  A gnoll bouda (D:7)
  3 iguanas
  26 orc wizards
  7 hell rats
  14 gnolls
  4 adders
  A shadow imp (D:6)
  3 white imps
  2 ufetubi
  4 worms
  5 dart slugs
  108 orcs
  8 bats
  12 endoplasms
  A giant cockroach (D:1)
  7 goblins
  6 hobgoblins
  3 quokkas
  2 ball pythons
  A frilled lizard (D:3)
  3 kobolds
  6 rats
601 creatures vanquished.

Vanquished Creatures (collateral kills)
  2 death yaks (Lair:4)
2 creatures vanquished.

Vanquished Creatures (others)
  A human (D:13)
  An orc wizard (D:7)
  A white imp (D:5)
  38 fungi
  46 plants
87 creatures vanquished.

Grand Total: 690 creatures vanquished

Notes
Turn   | Place    | Note
-------+----------+-------------------------------------------
     0 | D:1      | EvilAshe the Merfolk Ice Elementalist began the quest for
                  | the Orb.
     0 | D:1      | Reached XP level 1. HP: 13/13 MP: 3/3
   309 | D:1      | Reached skill level 3 in Dodging
   309 | D:1      | Reached XP level 2. HP: 19/19 MP: 3/5
   746 | D:1      | Reached XP level 3. HP: 17/24 MP: 3/6
   833 | D:1      | Learned a level 3 spell: Frozen Ramparts
   844 | D:2      | Reached skill level 5 in Ice Magic
  2081 | D:1      | Reached XP level 4. HP: 26/30 MP: 3/7
  2758 | D:3      | Reached skill level 4 in Dodging
  2758 | D:3      | Reached XP level 5. HP: 16/35 MP: 6/9
  3492 | D:3      | Found a sparkling altar of Nemelex Xobeh.
  3492 | D:3      | Found a sacrificial altar of Ru.
  3493 | D:3      | Found a bloodstained altar of Trog.
  4236 | D:4      | Learned a level 4 spell: Hailstorm
  4376 | D:4      | Reached XP level 6. HP: 37/41 MP: 3/10
  5283 | D:5      | Entered Level 5 of the Dungeon
  5671 | D:5      | Reached skill level 5 in Dodging
  5671 | D:5      | Reached skill level 1 in Conjurations
  6008 | D:5      | Reached XP level 7. HP: 46/46 MP: 7/12
  6281 | D:5      | Found a staircase to the Ecumenical Temple.
  6304 | Temple   | Entered the Ecumenical Temple
  6372 | Temple   | Became a worshipper of Ashenzari the Shackled
  6672 | D:5      | You fall into a shaft and drop 2 floors!
  7371 | D:6      | Learned a level 3 spell: Ozocubu's Armour
  7488 | D:6      | Reached skill level 6 in Dodging
  7488 | D:6      | Reached XP level 8. HP: 52/52 MP: 10/14
  7711 | D:6      | Learned a level 1 spell: Magic Dart
  7842 | D:6      | Noticed Maggie
  8791 | D:7      | Reached skill level 7 in Dodging
  9076 | D:7      | Reached skill level 5 in Spellcasting
  9077 | D:7      | Reached XP level 9. HP: 57/57 MP: 7/16
  9808 | D:7      | Reached skill level 10 in Ice Magic
  9825 | D:7      | Reached skill level 8 in Dodging
 10553 | D:8      | Reached XP level 10. HP: 57/63 MP: 15/19
 10773 | D:8      | Reached skill level 9 in Dodging
 11278 | D:7      | Reached * piety under Ashenzari
 11287 | D:7      | Learned a level 3 spell: Vampiric Draining
 11410 | D:7      | Identified the +1 robe of Beauty {rC+ Will+ Int+5 Stlth+}
 11794 | D:6      | Killed Maggie
 11795 | D:6      | Reached skill level 5 in Conjurations
 12032 | D:8      | Reached skill level 1 in Necromancy
 12710 | D:8      | Found a runed translucent door.
 12710 | D:8      | Noticed a sixfirhy
 13092 | D:8      | Identified a scroll of acquirement
 13093 | D:8      | Acquired the ring of Diseym {rF+ rC+}
 13352 | D:9      | Found a staircase to the Lair.
 13427 | D:9      | Reached skill level 10 in Dodging
 13427 | D:9      | Reached XP level 11. HP: 68/68 MP: 3/21
 13702 | D:9      | Noticed a two-headed ogre
 13712 | D:9      | Killed a two-headed ogre
 14101 | D:9      | Found an ornate altar of the Wu Jian Council.
 14263 | D:10     | Entered Level 10 of the Dungeon
 14269 | D:10     | Learned a level 4 spell: Dispel Undead
 14585 | D:10     | Reached skill level 1 in Fighting
 15298 | D:10     | Found a staircase to the Orcish Mines.
 15311 | D:10     | Found Githiaf's Weapon Shoppe.
 16123 | D:11     | Found a frozen archway.
 16205 | IceCv    | Entered an ice cave
 16205 | IceCv    | Noticed a white ugly thing
 16360 | D:11     | Noticed a two-headed ogre
 16368 | D:11     | Killed a two-headed ogre
 16371 | D:11     | Reached skill level 11 in Dodging
 16471 | D:11     | Noticed a four-headed hydra
 16490 | D:11     | Killed a four-headed hydra
 16491 | D:11     | Reached XP level 12. HP: 81/81 MP: 8/23
 17345 | D:11     | Noticed a two-headed ogre
 17356 | D:11     | Killed a two-headed ogre
 17357 | D:11     | Reached skill level 5 in Necromancy
 17608 | Lair:1   | Entered Level 1 of the Lair of Beasts
 17612 | Lair:1   | Noticed a four-headed hydra
 17617 | Lair:1   | Killed a four-headed hydra
 17619 | Lair:1   | Noticed a death yak
 17785 | Lair:1   | Noticed a five-headed hydra
 17794 | D:9      | Killed a death yak
 17909 | Lair:1   | Killed a five-headed hydra
 18014 | Lair:1   | Noticed a death yak
 18014 | Lair:1   | Noticed a death yak
 18015 | Lair:1   | Noticed a death yak
 18019 | Lair:1   | Noticed a death yak
 18024 | Lair:1   | Noticed a death yak
 18027 | Lair:1   | Killed a death yak
 18044 | Lair:1   | Killed a death yak
 18044 | Lair:1   | Killed a death yak
 18045 | Lair:1   | Killed a death yak
 18051 | Lair:1   | Killed a death yak
 18224 | Lair:1   | Learned a level 4 spell: Flame Wave
 18368 | Lair:1   | Reached skill level 5 in Fighting
 18368 | Lair:1   | Reached skill level 12 in Dodging
 18705 | Lair:1   | Reached ** piety under Ashenzari
 19118 | Lair:1   | Acquired a book of Rime
 19136 | Lair:2   | Reached skill level 1 in Fire Magic
 19136 | Lair:2   | Reached XP level 13. HP: 85/94 MP: 12/26
 22042 | Lair:3   | Found a staircase to the Swamp.
 22094 | Lair:2   | Reached skill level 13 in Dodging
 22393 | Lair:3   | Found a hole to the Spider Nest.
 24092 | Lair:4   | Found a staircase to the Slime Pits.
 24915 | Lair:4   | Reached XP level 14. HP: 106/106 MP: 7/29
 25692 | Lair:5   | Entered Level 5 of the Lair of Beasts
 25733 | Lair:5   | Found a gate leading to a gauntlet.
 25744 | Lair:5   | Reached skill level 10 in Spellcasting
 25764 | Gauntlet | Entered a Gauntlet
 25764 | Gauntlet | Found a transporter.
 25772 | Gauntlet | Found a transporter.
 25773 | Gauntlet | Found a transporter.
 25788 | Gauntlet | Found a transporter.
 25790 | Gauntlet | Found a transporter.
 25794 | Gauntlet | Found a runed translucent door.
 25794 | Gauntlet | Found a runed translucent door.
 25800 | Gauntlet | Found a transporter.
 25818 | Gauntlet | Found a transporter.
 25820 | Gauntlet | Identified the +0 helmet "Posha" {rPois Will+ Dex+7 Slay-6}
 25828 | Gauntlet | Found a transporter.
 25833 | Gauntlet | Noticed an entropy weaver
 25843 | Gauntlet | Identified the +1 chain mail of the Present {Drain rF+++
                  | Slay+3 SInv}
 25844 | Gauntlet | Found a transporter.
 25845 | Gauntlet | Identified the ring "Ukiucsasao" {Ice rN+}
 25902 | Lair:5   | Reached skill level 14 in Dodging
 25914 | Lair:5   | Noticed a dire elephant
 27384 | Orc:1    | Entered Level 1 of the Orcish Mines
 28647 | Orc:2    | Entered Level 2 of the Orcish Mines
 28697 | Orc:2    | Found a staircase to the Elven Halls.
 30052 | Orc:2    | Noticed Urug
 30105 | Orc:2    | Killed Urug
 32069 | Orc:2    | Found Rosm's Antique Armour Shop.
 32069 | Orc:2    | Found Piyrph's Book Emporium.
 32084 | Orc:2    | Bought a manual of Necromancy for 960 gold pieces
 32252 | Orc:2    | Found Ajas's Magic Scroll Shop.
 32252 | Orc:2    | Found Funwa's Weapon Emporium.
 32257 | Orc:2    | Bought 2 scrolls of teleportation for 96 gold pieces
 32257 | Orc:2    | Bought a scroll of enchant weapon for 120 gold pieces
 33173 | D:12     | Reached skill level 1 in Shields
 34068 | D:12     | Reached skill level 15 in Dodging
 34072 | D:12     | Reached XP level 15. HP: 117/117 MP: 7/31
 34983 | D:13     | Noticed Rupert
 34983 | D:13     | Noticed Nessos
 34983 | D:13     | Found a gate to the Vaults.
 35184 | D:12     | Slain by a boulder beetle

Illustrated notes

Levels and vault maps discovered:
D:1:      minmay_arrival_stair_chambers, layout_loops_cross
D:2:      layout_basic
D:3:      layout_basic, grunt_temple_overflow_open
D:4:      layout_layer_cave, dk_rats_in_the_wall
D:5:      layout_rooms, minmay_temple_entry_sparse_star, minmay_diced_spiral
D:6:      layout_gridville, uniq_maggie
D:7:      minmay_razor_zed, layout_rooms, serial_rivers,
          chequers_serial_rivers_large_a, chequers_serial_rivers_micro_d,
          chequers_serial_rivers_room_b, chequers_serial_rivers_micro_d
D:8:      cheibrodos_shockbox, layout_cave_pods, grunt_livestock, eino_jars
D:9:      layout_cave_pools, nzn_wu_jian_contemplation, lair_entry_dummy
D:10:     minmay_angry_zag, layout_long_grid, orc_david_3, minmay_misc_feat_rows
D:11:     layout_roguey, portal_ice_cave_rime
D:12:     layout_grid_maze, small_statue_intersection, minmay_shattered_shrine
D:13:     layout_basic, david_vaults_3, minmay_fountain_box
Temple:   regret_index_temple_mists
Lair:1:   layout_regular_city, serial_rivers, chequers_serial_rivers_marsh,
          chequers_serial_rivers_small_b, chequers_serial_rivers_micro_b,
          chequers_serial_rivers_small_3, grunt_megastairs_2
Lair:2:   beast_lair_carwin_large_3, layout_cave_pods, serial_bayou_shore_a
Lair:3:   layout_hall_layers, swamp_mist, hellmonk_spider_entry_not_the_bees
Lair:4:   layout_regular_city, slime_entry_1, gammafunk_lair_bear_cave
Lair:5:   gammafunk_lair_ancient_temple, layout_long_grid,
          gauntlet_entry_generic
Orc:1:    layout_caves
Orc:2:    st_orc_town, layout_diamond_mine, basic_altar, uniq_urug

Skill      XL: |  1  2  3  4  5  6  7  8  9 10 11 12 13 14 15 |
---------------+----------------------------------------------+-----
Dodging        | 3 4 5 6 7 8 10 11 12 13 15 | 15.1
Ice Magic      | 5 6 7 9 10 12 13 | 13.5
Spellcasting   | 3 4 5 6 7 8 9 10 | 10.9
Conjurations   | 1 2 3 4 5 6 7 8 9 |  9.5
Necromancy     | 2 4 6 7 |  7.5
Fighting       | 3 5 7 9 |  9.6
Fire Magic     | 1 3 |  3.4
Shields        | 2 3 |  3.1
Stealth        | |  2.1

Action                   |  1- 3 |  4- 6 |  7- 9 | 10-12 | 13-15 || total
-------------------------+-------+-------+-------+-------+-------++-------
Melee: Unarmed           |     4 |       |       |       |       ||     4
       Mace              |     1 |     8 |    45 |     3 |       ||    57
       Punch             |       |     2 |       |     2 |     4 ||     8
       War axe           |       |       |       |   100 |   183 ||   283
Throw: Javelin           |       |     7 |    12 |    55 |     3 ||    77
       Throwing net      |       |       |       |     7 |     1 ||     8
 Cast: Freeze            |    55 |    76 |   134 |   197 |   245 ||   707
       Frozen Ramparts   |       |     3 |    22 |    45 |    62 ||   132
       Magic Dart        |       |       |    22 |     1 |   156 ||   179
       Ozocubu's Armour  |       |       |     6 |    22 |    16 ||    44
       Hailstorm         |       |       |       |    52 |    74 ||   126
       Dispel Undead     |       |       |       |     8 |     1 ||     9
       Vampiric Draining |       |       |       |    18 |   130 ||   148
       Flame Wave        |       |       |       |       |    68 ||    68
Invok: Curse Item        |       |       |     1 |     3 |       ||     4
       Shatter the Chain |       |       |       |     1 |       ||     1
Evoke: Wand              |       |       |    15 |     3 |     8 ||    26
       Phantom mirror    |       |       |       |       |     1 ||     1
  Use: Scroll            |       |     6 |     1 |     6 |     7 ||    20
       Potion            |       |       |       |     1 |     2 ||     3
 Stab: Sleeping          |       |     1 |     1 |     1 |     3 ||     6
       Distracted        |       |       |       |       |     2 ||     2
Armor: Robe              |     4 |     8 |     1 |    92 |   138 ||   243
       Leather armour    |       |       |    64 |    10 |       ||    74
Dodge: Dodged            |    34 |    36 |   114 |   357 |   829 ||  1370
Block: Kite shield       |       |       |       |       |    51 ||    51
